 Dungeon Crawl Stone Soup version 0.17-a0-1481-gfdcec5c (webtiles) character file.

51 Fluffy the Skirmisher (level 3, -2/30 HPs)
             Began as a Demonspawn Abyssal Knight on July 4, 2015.
             Was a Believer of Lugonu.
             Slain by Parakulo's ghost (3 damage)
             ... on level 3 of the Dungeon.
             The game lasted 00:04:55 (2185 turns).

Fluffy the Skirmisher (Demonspawn Abyssal Knight)   Turns: 2185, Time: 00:04:56

Health: -2/30      AC:  9    Str: 18    XL:     3   Next: 57%
Magic:  5/5        EV: 10    Int: 13    God:    Lugonu [**....]
Gold:   115        SH:  0    Dex: 12    Spells: 0 memorised, 2 levels left

rFire  . . .     SeeInvis .     a - +2 hand axe
rCold  . . .     Clarity  .     b - +0 scale mail
rNeg   . . .     SustAt   .     (no shield)
rPois  .         Gourm    .     (no helmet)
rElec  .         Spirit   .     h - +0 cloak
rCorr  .         Warding  .     (no gloves)
rMut   .         Stasis   .     (no boots)
MR     .....                    (no amulet)
Stlth  ..........               (no ring)
                                (no ring)

@: mighty, lethally poisoned (-2 -> -52), not resistant to hostile enchantments,
extremely unstealthy
A: rugged brown scales 2
a: Depart the Abyss, Bend Space, Renounce Religion


You were on level 3 of the Dungeon.
You worshipped Lugonu.
Lugonu was pleased with you.
You were very hungry.

You visited 1 branch of the dungeon, and saw 3 of its levels.
You visited the Abyss 1 time.

You collected 115 gold pieces.

Inventory:

Hand weapons
 a - a +2 hand axe (weapon)
Armour
 b - a +0 scale mail (worn)
 h - a +0 cloak (worn)
 j - a +0 chain mail
Magical devices
 i - a wand of enslavement (7)
Scrolls
 l - 2 scrolls of enchant weapon
 o - a scroll of identify
Potions
 d - 4 potions of heal wounds
 n - a potion of flight
Comestibles
 c - 3 bread rations
 f - a meat ration
 g - 2 beef jerkies
 k - a royal jelly


   Skills:
 + Level 3.4 Fighting
 + Level 2.2 Axes
 + Level 2.1 Armour
 + Level 1.4 Dodging
 + Level 3.2 Invocations


You had 2 spell levels left.
You didn't know any spells.

Dungeon Overview and Level Annotations

Branches:
Dungeon (3/15)

Altars:
Ru
Zin

Annotations:
D:3 Parakulo's ghost, average OpAs


Innate Abilities, Weirdness & Mutations

You are mostly covered in rugged brown scales (AC +2, +5% HP).


Message History

Parakulo's ghost is severely damaged.
You feel very sick.
Parakulo's ghost hits you but does no damage.
You are more poisoned.
Parakulo's ghost hits you but does no damage.
You are more poisoned.
You closely miss Parakulo's ghost.
Parakulo's ghost is severely damaged.
* * * LOW HITPOINT WARNING * * *
You feel very sick.
Parakulo's ghost hits you but does no damage.
You are more poisoned.
Unknown command.
You barely miss Parakulo's ghost.
Parakulo's ghost is severely damaged.
* * * LOW HITPOINT WARNING * * *
You feel very sick.
Parakulo's ghost ripples.
Parakulo's ghost hits you.
You die...

######### ........#
........#
........###
..........#####
........#.##..##
#########.#....## #
#.......## ##
#......W@## .#
#.........### ##
.###
##......#...####.##
...#
##...(####.......#
##.#########..##
#####..<#
#........#####
##....## ########.#
####..####
#.#######....##
#...#.....####


You could see Parakulo's ghost.

Vanquished Creatures
  An orc (D:3)
  5 ball pythons
  8 bats
  A giant cockroach (D:1)
  5 hobgoblins
  8 jackals
  A quokka (D:2)
  A giant gecko (D:2)
  2 giant newts (D:3)
  4 goblins
  8 kobolds
  3 rats
47 creatures vanquished.

Notes
Turn   | Place    | Note
--------------------------------------------------------------
     0 | Abyss:1  | Fluffy the Demonspawn Abyssal Knight began the quest for the Orb.
     0 | Abyss:1  | Reached XP level 1. HP: 18/18 MP: 2/2
    26 | D:1      | Escaped the Abyss
    50 | D:1      | Reached skill level 1 in Dodging
   237 | D:1      | Gained mutation: You are partially covered in rugged brown scales (AC +1, +3% HP). [demonic ancestry]
   237 | D:1      | Reached XP level 2. HP: 15/24 MP: 4/4
   554 | D:1      | Acquired Lugonu's second power
   899 | D:1      | You fall through a shaft!
  1132 | D:2      | Found a glowing silver altar of Zin.
  1132 | D:2      | Found a sacrificial altar of Ru.
  1268 | D:2      | Gained mutation: You are mostly covered in rugged brown scales (AC +2, +5% HP). [demonic ancestry]
  1268 | D:2      | Reached XP level 3. HP: 24/30 MP: 5/5
  1899 | D:3      | Noticed Parakulo's ghost (average OpAs)
  2185 | D:3      | HP: 1/30 [poisoned by Parakulo's ghost]
  2185 | D:3      | Slain by Parakulo's ghost

Vault maps used:
D:1:      minmay_arrival_four_houses
D:2:      grunt_temple_overflow_open, first_bread
D:3:      makhleb_blood_cavern_becter, uniq_grinder

Action                   || total
-------------------------++-------
Melee: Hand axe          ||   171
  Use: Scroll            ||    11
       Potion            ||     3
  Eat: Chunk             ||     3
